 Dungeon Crawl Stone Soup version 0.17-a0-2127-g1cb09f6 (webtiles) character file.

21090 tp1 the Eclecticist (level 12, -1/67 HPs)
             Began as a Deep Elf Conjurer on Oct 23, 2015.
             Was a High Priest of Vehumet.
             Shot with an arrow by a centaur warrior (23 damage)
             ... on level 13 of the Dungeon on Oct 24, 2015.
             The game lasted 02:24:25 (17013 turns).

tp1 the Eclecticist (Deep Elf Conjurer)            Turns: 17013, Time: 02:24:25

Health: -1/67      AC: 15    Str:  5    XL:     12   Next: 51%
Magic:  6/33       EV: 13    Int: 26    God:    Vehumet [*****.]
Gold:   990        SH:  5    Dex: 15    Spells: 6 memorised, 22 levels left

rFire  + + .     SeeInvis .     s - +1 short sword (protect)
rCold  + . .     Clarity  .     C - +2 leather armour {rF+}
rNeg   . . .     SustAt   .     L - +0 buckler
rPois  +         Gourm    .     (no helmet)
rElec  +         Spirit   .     G - +1 cloak
rCorr  +         Warding  .     p - +2 pair of gloves
rMut   .         Rnd*Tele +     (no boots)
MR     +....                    (no amulet)
Stlth  ++........               (no ring)
                                T - ring of teleportation

@: resistant, somewhat resistant to hostile enchantments, unstealthy
A: no striking features
a: Renounce Religion, Evoke Teleportation


You were on level 13 of the Dungeon.
You worshipped Vehumet.
Vehumet was extremely pleased with you.
You were not hungry.

You visited 3 branches of the dungeon, and saw 16 of its levels.

You collected 990 gold pieces.

Inventory:

Hand Weapons
 d - a +2 dagger of electrocution
 k - a +0 dagger
 r - a +0 short sword
 s - a +1 short sword of protection (weapon)
Armour
 a - a +1 robe
 p - a +2 pair of gloves (worn)
 B - the +0 robe of the Sun {Str+2 Int+4 Dex+3}
   (You found it on level 7 of the Dungeon)

   It affects your strength (+2).
   It affects your intelligence (+4).
   It affects your dexterity (+3).
 C - a +2 leather armour of fire resistance (worn)
 G - a +1 cloak (worn)
 L - a +0 buckler (worn)
 P - a +0 cloak
Magical Staves
 u - an uncursed staff of poison
Jewellery
 T - a ring of teleportation (left hand)
Wands
 w - a wand of slowing (14)
 y - a wand of disintegration (13)
 F - a wand of disintegration (17)
 H - a wand of slowing (32)
 I - a wand of slowing (22)
 J - a wand of disintegration (15)
 V - a wand of digging (8)
Scrolls
 e - a scroll of enchant weapon
 h - 7 scrolls of remove curse
 i - 4 scrolls of amnesia
 j - 3 scrolls of noise
 x - 2 scrolls of fear
 z - 3 scrolls of magic mapping
 A - a scroll of random uselessness
 D - a scroll of immolation
 E - a scroll of vulnerability {unknown}
 M - a scroll of enchant armour
 O - a scroll of fog
Potions
 n - 3 potions of agility
 o - 6 potions of poison
 v - a potion of flight
Books
 b - a book of Conjurations

   Spells                             Type                      Level
   a - Magic Dart                     Conjuration                  1
   b - Searing Ray                    Conjuration                  2
   c - Dazzling Spray                 Conjuration/Hexes            3
   d - Fulminant Prism                Conjuration/Hexes            4
   e - Iskenderun's Mystic Blast      Conjuration                  4
   f - Iskenderun's Battlesphere      Conjuration/Charms           5
 q - a book of Unlife

   Spells                             Type                      Level
   a - Recall                         Summoning/Translocation      3
   b - Animate Dead                   Necromancy                   4
   c - Control Undead                 Necromancy                   4
   d - Cigotuvi's Embrace             Necromancy                   5
   e - Death Channel                  Necromancy                   6
   f - Simulacrum                     Ice/Necromancy               6
Comestibles
 c - 14 bread rations
 f - 2 meat rations
 l - 9 beef jerkies
 m - a royal jelly
 R - 2 fruits


   Skills:
 + Level 4.5 Fighting
 - Level 2.0 Armour
 - Level 4.0 Dodging
 - Level 2.4 Stealth
 - Level 3.4 Shields
 - Level 15.0 Spellcasting
 - Level 11.1 Conjurations
 - Level 11.1 Charms
 - Level 10.1 Fire Magic


You had 22 spell levels left.
You knew the following spells:

 Your Spells              Type           Power        Failure   Level  Hunger
a - Magic Dart            Conj           ####         1%          1    None
b - Searing Ray           Conj           ######       1%          2    None
c - Dazzling Spray        Conj/Hex       #####...     1%          3    None
d - Iskenderun's Battles  Conj/Chrm      ######..     1%          5    #......
e - Inner Flame           Hex/Fire       #####...     1%          3    None
f - Irradiate             Conj/Trmt      #####.....   4%          5    #......


Dungeon Overview and Level Annotations

Branches:
Dungeon (13/15)            Temple (1/1) D:6            Lair (2/8) D:10
    Orc (0/4) D:12
 Vaults: D:13-14

Altars:
Ashenzari
Cheibriados
Dithmenos
Elyvilon
Fedhas
Kikubaaqudgha
Makhleb
Okawaru
Qazlal
Ru
Vehumet
Xom
Yredelemnul
Zin
The Shining One

Shops:
D:5 %%*(   D:6 }

Portals:
Trove: D:10 (give 20 scrolls of identify)

Annotations:
D:3 Armakuni's ghost, amateur DESk
Lair:2 PeterLawrence's ghost, journeyman FoFi


Message History

You feel protected.
Casting: Iskenderun's Battlesphere
Confirm with . or Enter, or press ? or * to list all spells.
You don't know that spell.
Read which item? (? for menu, Esc to quit)
Okay, then.
Drink which item? (? for menu, Esc to quit)
You feel better.
The centaur warrior shoots an arrow.
The arrow hits you!
* * * LOW HITPOINT WARNING * * *
Drink which item? (? for menu, Esc to quit)
You feel better.
The centaur warrior shoots an arrow.
The arrow hits you!
* * * LOW HITPOINT WARNING * * *
The arrow freezes you.
* * * LOW HITPOINT WARNING * * *
Casting: Iskenderun's Battlesphere
Confirm with . or Enter, or press ? or * to list all spells.
Okay, then.
Drink which item? (? for menu, Esc to quit)
You feel better.
The centaur warrior shoots an arrow.
The arrow hits you!!
You die...

..÷...# ##..#.............##
......# #####..##...........##
.)....####......###.........##
............c....###........#
.................# ##.......#
.........c..†§...# #.......#
................(# ##......#
..............##(#
.....).......###@#
............## #..#
............# #....
..........### #.....#
#....###### #......# #....
.......# ........# ........#


You could see a centaur warrior.

Vanquished Creatures
  A rakshasa (D:11)
  Erica (D:9)
  Urug (D:11)
  An unseen horror (D:13)
  4 hill giants
  A cyclops (D:12)
  2 ugly things (D:11)
  2 manticores
  A spiny frog (Lair:1)
  A gargoyle (D:12)
  A guardian mummy (D:10)
  Grinder (D:6)
  3 two-headed ogres
  2 trolls
  5 slime creatures (D:12)
  5 blink frogs (Lair:1)
  13 yaks
  A spriggan (shapeshifter) (D:13)
  2 deep elf magi (D:11)
  A hill giant zombie (D:12)
  2 shadows
  2 wyverns
  3 hungry ghosts (D:12)
  A steam dragon (D:8)
  4 hippogriffs
  Edmund (D:6)
  4 water moccasins (Lair:1)
  A sky beast (D:12)
  3 orc warriors
  2 soldier ants
  3 phantoms
  6 ogres
  A black bear (D:11)
  A necrophage (D:8)
  A porcupine (Lair:1)
  6 centaurs
  An ice beast (D:6)
  2 big kobolds (D:11)
  8 giant frogs
  A crocodile (D:13)
  A gnoll sergeant (D:9)
  4 scorpions
  2 troll zombies (D:12)
  17 killer bees
  6 hounds
  3 crimson imps
  2 jellies
  3 centaur skeletons
  A gnoll shaman (D:9)
  An iguana (D:12)
  7 orc priests
  A centaur zombie (D:9)
  6 orc wizards
  11 worker ants
  3 ogre zombies (D:12)
  2 hound skeletons (D:11)
  A worker ant zombie (D:7)
  9 gnolls
  21 adders
  7 shadow imps
  2 oozes
  A worm (D:2)
  An adder skeleton (D:9)
  2 adder zombies
  5 giant geckos
  66 orcs
  8 giant cockroaches
  4 hobgoblins
  6 jackals
  6 quokkas
  3 ball pythons
  3 bats
  2 giant gecko skeletons
  3 giant newts
  9 goblins
  A goblin skeleton (D:12)
  2 goblin zombies (D:12)
  2 hobgoblin skeletons (D:12)
  2 hobgoblin zombies (D:12)
  16 kobolds
  3 orc skeletons (D:12)
  9 orc zombies (D:12)
  6 rats
372 creatures vanquished.

Notes
Turn   | Place    | Note
--------------------------------------------------------------
     0 | D:1      | tp1 the Deep Elf Conjurer began the quest for the Orb.
     0 | D:1      | Reached XP level 1. HP: 10/10 MP: 6/6
   118 | D:1      | Reached XP level 2. HP: 10/15 MP: 0/8
   193 | D:1      | Learned a level 2 spell: Searing Ray
  1342 | D:2      | Reached XP level 3. HP: 12/19 MP: 6/11
  1347 | D:2      | Learned a level 3 spell: Dazzling Spray
  1443 | D:2      | Reached skill level 5 in Spellcasting
  1479 | D:2      | Found a blossoming altar of Fedhas.
  1492 | D:2      | Found a stormy altar of Qazlal.
  2372 | D:2      | Found a blossoming altar of Fedhas.
  2376 | D:2      | Found a stormy altar of Qazlal.
  2735 | D:3      | Reached XP level 4. HP: 24/24 MP: 10/13
  2747 | D:3      | Reached skill level 6 in Spellcasting
  2760 | D:3      | Noticed Armakuni's ghost (amateur DESk)
  3108 | D:4      | Noticed an ogre
  3123 | D:4      | Killed an ogre
  3123 | D:4      | Reached skill level 7 in Spellcasting
  3123 | D:4      | Reached XP level 5. HP: 28/28 MP: 0/17
  3130 | D:4      | Learned a level 5 spell: Iskenderun's Battlesphere
  3260 | D:4      | Reached skill level 1 in Charms
  3547 | D:4      | Found a shattered altar of Ashenzari.
  3806 | D:4      | Reached XP level 6. HP: 32/32 MP: 12/18
  3830 | D:4      | Noticed an ogre
  3836 | D:4      | Killed an ogre
  3836 | D:4      | Reached skill level 5 in Charms
  4196 | D:4      | Reached skill level 5 in Conjurations
  4436 | D:4      | Found a shattered altar of Ashenzari.
  5123 | D:5      | Entered Level 5 of the Dungeon
  5294 | D:5      | Found Nokiren's Food Shoppe.
  5296 | D:5      | Reached XP level 7. HP: 36/36 MP: 17/20
  5500 | D:5      | Found Fuyph's Food Boutique.
  5554 | D:5      | Found Fiusasiss's General Store.
  5677 | D:5      | Found Romaonec's Weapon Emporium.
  5789 | D:6      | Found Saabu's Gadget Boutique.
  6016 | D:6      | Reached skill level 8 in Charms
  6152 | D:6      | Noticed Grinder
  6156 | D:6      | Noticed Edmund
  6158 | D:6      | Killed Grinder
  6158 | D:6      | Reached skill level 10 in Charms
  6158 | D:6      | Reached XP level 8. HP: 41/41 MP: 13/21
  6167 | D:6      | Killed Edmund
  6336 | D:6      | Found a staircase to the Ecumenical Temple.
  6342 | Temple   | Entered the Ecumenical Temple
  6353 | Temple   | Became a worshipper of Vehumet
  6398 | D:6      | Found a staircase to the Ecumenical Temple.
  6485 | D:6      | Found Saabu's Gadget Boutique.
  6776 | D:7      | Reached skill level 1 in Armour
  7379 | D:7      | Got a twisted robe
  7390 | D:7      | Identified the +0 robe of the Sun {Str+2 Int+4 Dex+3} (You found it on level 7 of the Dungeon)
  7678 | D:7      | You fall through a shaft for 3 floors!
  7678 | D:10     | Entered Level 10 of the Dungeon
  8118 | D:8      | Reached XP level 9. HP: 45/45 MP: 16/24
  8568 | D:8      | Got a distressingly furry chain mail
  8579 | D:8      | Identified the +1 chain mail "Sufoer" {rElec Int-4 Dex+7 Stlth+} (You found it on level 8 of the Dungeon)
  8746 | D:8      | Reached * piety under Vehumet
  8746 | D:8      | Offered knowledge of Flame Tongue by Vehumet.
  9144 | D:9      | Reached skill level 1 in Fighting
  9453 | D:9      | Noticed Erica
  9454 | D:9      | Reached skill level 1 in Shields
  9506 | D:10     | Noticed a hill giant
  9510 | D:10     | Killed a hill giant
  9657 | D:10     | Offered knowledge of Sting by Vehumet.
  9725 | D:10     | Found a portal to a secret trove of treasure.
  9725 | D:10     | Noticed a guardian mummy
  9736 | D:10     | Killed a guardian mummy
  9736 | D:10     | Reached ** piety under Vehumet
  9736 | D:10     | Reached skill level 10 in Spellcasting
  9804 | D:10     | Reached XP level 10. HP: 53/53 MP: 3/26
 10170 | D:10     | Found a staircase to the Lair.
 10222 | D:11     | Reached skill level 11 in Spellcasting
 10490 | D:11     | Offered knowledge of Inner Flame by Vehumet.
 10498 | D:11     | Noticed Urug
 10513 | D:11     | Noticed a rakshasa
 10513 | D:11     | Noticed a manticore
 10674 | D:10     | Reached *** piety under Vehumet
 10674 | D:10     | Reached skill level 12 in Spellcasting
 10753 | D:10     | Learned a level 3 spell: Inner Flame
 11125 | Lair:1   | Entered Level 1 of the Lair of Beasts
 11224 | Lair:1   | Reached skill level 13 in Spellcasting
 11233 | Lair:1   | Reached skill level 14 in Spellcasting
 11243 | Lair:1   | Offered knowledge of Olgreb's Toxic Radiance by Vehumet.
 11441 | Lair:2   | Noticed PeterLawrence's ghost (journeyman FoFi)
 11918 | D:9      | Killed Erica
 11918 | D:9      | Reached skill level 15 in Spellcasting
 11918 | D:9      | Reached XP level 11. HP: 57/57 MP: 15/32
 13594 | D:11     | Killed Urug
 13721 | D:11     | Killed a rakshasa
 13721 | D:11     | Reached skill level 10 in Conjurations
 13726 | D:11     | Killed a manticore
 13877 | D:11     | Reached **** piety under Vehumet
 13883 | D:11     | Offered knowledge of Force Lance by Vehumet.
 14129 | D:11     | Reached skill level 1 in Fire Magic
 14630 | D:12     | Reached skill level 5 in Fire Magic
 14646 | D:12     | Found a staircase to the Orcish Mines.
 14707 | D:12     | Reached ***** piety under Vehumet
 14713 | D:12     | Offered knowledge of Irradiate by Vehumet.
 14720 | D:12     | Learned a level 5 spell: Irradiate
 14742 | D:12     | Noticed a hill giant
 14754 | D:12     | Killed a hill giant
 15441 | D:12     | Got a fine helmet
 15447 | D:12     | Identified the +2 helmet of Gidesog {rElec rC+++ MP-9 Str-5} (You found it on level 12 of the Dungeon)
 15447 | D:12     | Lost strength.
 15497 | D:12     | Reached XP level 12. HP: 62/62 MP: 23/33
 16584 | D:13     | Noticed a hill giant
 16609 | D:13     | Killed a hill giant
 16609 | D:13     | Reached skill level 10 in Fire Magic
 16642 | D:13     | Gained mutation: You are agile. (Dex +2) [potion of mutation]
 16642 | D:13     | Gained mutation: You have supernaturally acute eyesight. [potion of mutation]
 16642 | D:13     | Gained mutation: Armour fits poorly on your strangely shaped body. [potion of mutation]
 16644 | D:13     | Lost mutation: Armour fits poorly on your strangely shaped body. [potion of cure mutation]
 16644 | D:13     | Lost mutation: You are agile. (Dex +2) [potion of cure mutation]
 16644 | D:13     | Lost mutation: You have supernaturally acute eyesight. [potion of cure mutation]
 17006 | D:13     | Noticed a centaur warrior
 17013 | D:13     | Shot with an arrow by a centaur warrior

Vault maps used:
D:1:      lightli_arrival_quake
D:2:      grunt_temple_overflow_forces_of_nature
D:3:      first_bread, hangedman_decor_clover_reticule, serial_bayou_pond_e,
          minmay_snake_closets
D:4:      lemuel_doored_altar
D:5:      serial_shops, shop, nicolae_shop_waterfront, kennysheep_little_box,
          nicolae_shop_window_shopping, minivault_24
D:6:      temple_green, serial_shops, shop, uniq_grinder, uniq_edmund
D:9:      uniq_erica
D:10:     lair_0_dummy, nicolae_trove_entry_path_of_doom
D:11:     grunt_ogre_cave, grunt_decor_resistance, uniq_urug
D:12:     zombieorc1_lemuel
D:13:     david_vaults_2
Temple:   lightli_temple_of_artemis
Lair:1:   lemuel_fruit_tree, uniq_nergalle
Lair:2:   beast_lair_carwin_9

Action                   |  1- 3 |  4- 6 |  7- 9 | 10-12 || total
-------------------------+-------+-------+-------+-------++-------
Melee: Unarmed           |    12 |       |       |       ||    12
       Dagger            |    16 |       |       |       ||    16
       Short sword       |       |     1 |     1 |     4 ||     6
 Cast: Magic Dart        |    77 |    82 |   158 |   302 ||   619
       Searing Ray       |     9 |    51 |     5 |   173 ||   238
       Dazzling Spray    |       |     4 |       |     5 ||     9
       Iskenderun's Batt |       |     1 |    40 |    94 ||   135
       Inner Flame       |       |       |       |     2 ||     2
  Use: Scroll            |     6 |     4 |     6 |    13 ||    29
       Potion            |       |     2 |       |    14 ||    16
 Stab: Distracted        |     1 |       |       |       ||     1
  Eat: Chunk             |     5 |     8 |    18 |    19 ||    50
       Fruit             |       |       |     3 |     8 ||    11
